Map: Waterfall

Players

Steadfast

  • Race: Zerg Zerg
  • Spawn Location: 7:00

DisReSpeCT - Winner!

  • Race: Terran Terran
  • Spawn Location: 1:00

Event: DreamHack SC2 Masters 2022 Atlanta (Offline)

VOD

Have the link to the VOD?

Description

Time

  • Played on: Nov. 18, 2022, 1:49 p.m.
  • Length: 10:56

All games in this series

Show
View Real Time Build Order
Export as new Build Order

Steadfast Zerg 

Build Orders: Hatch First 

Get SALT Encoding   

  12  0:00  Drone  
  13  0:13  Overlord  
  13  0:17  Drone  
  14  0:31  Drone x2  
  16  0:49  Hatchery  
  15  0:52  Drone  
  15  0:56  Drone  
  17  0:59  Drone  
  18  1:10  Extractor  
  17  1:15  Spawning Pool  
  17  1:17  Drone  
  17  1:21  Drone  
  18  1:31  Drone  
  19  1:40  Drone  
  20  1:49  Drone  
  21  2:01  Queen  
  21  2:02  Queen  
  21  2:03  Zergling x4  
  27  2:11  Drone  
  27  2:12  Overlord  
  28  2:26  Hatchery  
  26  2:35  Drone x3  
  28  2:52  Drone x2  
  28  2:53  Metabolic Boost  
  30  3:03  Drone x2, Overlord  
  32  3:13  Queen  
  32  3:14  Drone x2  
  36  3:21  Roach Warren  
  35  3:34  Drone x4, Overlord  
  37  3:36  Overlord  
  37  3:40  Extractor  
  38  3:43  Zergling x4  
  34  4:16  Roach x6  
  46  4:19  Zergling x8  
  46  4:21  Roach  
  52  4:31  Roach x2  
  56  4:33  Roach  
  58  4:45  Zergling x14  
  65  4:54  Ravager  
  65  4:55  Overlord  
  65  4:56  Overlord  
  66  5:05  Overlord  
  66  5:20  Zergling x14  
  73  5:22  Ravager  
  68  5:39  Zergling x14  
  63  5:57  Zergling x12  
  63  6:00  Ravager x4  
  65  6:23  Zergling x18  
  52  6:33  Drone x3  
  52  6:44  Drone  
  52  6:45  Drone x4  
  56  7:10  Drone x11  
  62  7:21  Drone, Overlord  
  62  7:22  Drone x3  
  58  7:30  Evolution Chamber  
  58  7:34  Evolution Chamber  
  56  7:42  Roach x7  
  56  7:43  Extractor  
  71  7:47  Roach x2  
  71  7:48  Roach  
  77  7:56  Zergling x12  
  83  8:05  Zergling x14  
  84  8:09  Overlord  
  90  8:15  Overlord  
  90  8:16  Overlord  
  90  8:35  Zergling x20  
  90  8:39  Overlord  
  100  8:44  Ravager x2  
  100  8:45  Ravager x4  
  100  8:46  Overlord x2  
  106  8:55  Overlord  
  106  9:01  Ravager x2  
  106  9:02  Zergling x8  
  112  9:03  Zergling x4  
  112  9:04  Overlord x2  
  110  9:17  Zergling x8  
  108  9:32  Zergling x14  
  108  9:33  Zergling x8  
  117  9:42  Evolution Chamber  
  117  9:43  Lair, Evolution Chamber  
  115  9:47  Drone x2  
  115  9:48  Drone  
  115  9:49  Drone x4  
  115  9:51  Extractor x2  
  120  9:54  Baneling Nest  
  120  9:57  Hatchery  
  92  10:11  Zergling x16  
  66  10:17  Zergling x6  
  69  10:25  Zergling x2  
  69  10:26  Zergling x14  
  77  10:32  Baneling Nest  
Show
View Real Time Build Order
Export as new Build Order

DisReSpeCT Terran - Winner!

Build Orders: Liberator Opening, Reaper Expand 

Get SALT Encoding   

  12  0:00  SCV  
  13  0:12  SCV  
  14  0:17  Supply Depot  
  14  0:24  SCV  
  15  0:38  SCV  
  15  0:39  Barracks  
  16  0:43  Refinery  
  16  0:50  SCV  
  17  1:02  SCV  
  18  1:15  SCV  
  19  1:26  Reaper  
  19  1:27  Orbital Command  
  20  1:40  Command Center  
  20  1:47  Supply Depot  
  20  1:52  SCV  
  21  1:58  Marine  
  22  2:04  SCV  
  23  2:10  Factory  
  23  2:16  Refinery, SCV  
  23  2:20  Barracks Reactor  
  24  2:29  SCV  
  25  2:41  SCV  
  26  2:53  SCV, Orbital Command  
  26  2:57  Starport  
  27  3:05  SCV  
  28  3:08  Hellion x2  
  28  3:09  Barracks Tech Lab  
  32  3:16  Supply Depot  
  32  3:17  SCV  
  33  3:24  SCV  
  34  3:29  Hellion x2, SCV  
  39  3:35  Liberator  
  39  3:36  SCV  
  43  3:41  SCV  
  43  3:43  Supply Depot  
  43  3:46  Marine  
  45  3:49  SCV, Stimpack  
  45  3:53  SCV  
  47  4:01  SCV  
  48  4:06  SCV  
  44  4:11  Hellion x2  
  44  4:13  SCV  
  49  4:18  SCV  
  49  4:19  Command Center  
  50  4:25  SCV  
  50  4:30  SCV  
  52  4:35  Barracks  
  52  4:37  Barracks, SCV  
  53  4:41  Engineering Bay  
  53  4:42  SCV, Factory Tech Lab  
  53  4:43  Engineering Bay  
  53  4:44  Starport Reactor  
  54  4:49  SCV  
  54  4:51  Supply Depot  
  55  4:53  Bunker  
  55  4:54  SCV  
  55  4:56  Marauder  
  55  5:00  Bunker  
  55  5:04  SCV  
  55  5:06  SCV  
  57  5:10  Siege Tank  
  57  5:11  Bunker  
  60  5:16  SCV  
  59  5:28  Marine x4  
  58  5:29  Medivac  
  58  5:31  Medivac  
  58  5:46  Marine x4  
  47  6:29  SCV, Marine  
  47  6:30  SCV  
  47  6:31  Marine x2  
  46  6:43  Terran Infantry Weapons Level 1  
  46  6:52  Supply Depot  
  46  6:59  SCV x2, Siege Tank, Marine x3  
  46  7:00  Combat Shield  
  54  7:02  Supply Depot  
  51  7:11  SCV x2  
  51  7:17  Marine  
  52  7:23  SCV x2  
  53  7:35  SCV x2  
  53  7:36  Orbital Command  
  55  7:40  Marine  
  55  7:41  Marine x4  
  55  7:42  Medivac  
  62  7:49  SCV  
  62  7:50  SCV  
  64  7:51  Factory Reactor  
  64  7:58  Marine x2  
  64  8:02  SCV  
  64  8:03  Barracks  
  64  8:04  Barracks  
  67  8:07  Marine x3  
  70  8:13  SCV  
  70  8:16  Marine x2  
  71  8:20  SCV x2  
  71  8:25  SCV, Marine x2  
  76  8:32  SCV  
  73  8:35  Marine x3  
  76  8:43  Terran Infantry Armor Level 1, Marine  
  76  8:45  Refinery  
  76  8:46  Refinery, Factory Tech Lab  
  77  8:49  Supply Depot x2, SCV x2, Marine  
  77  8:50  Supply Depot  
  77  8:54  Barracks Reactor, Barracks Tech Lab  
  80  8:57  SCV  
  80  9:00  Marine x2  
  80  9:01  Marine  
  80  9:02  SCV  
  85  9:06  Armory  
  85  9:08  SCV  
  85  9:10  SCV  
  83  9:17  Marine x3  
  83  9:18  Siege Tank, Marine x2  
  83  9:23  Supply Depot  
  91  9:24  Supply Depot  
  91  9:35  Marine  
  91  9:36  Marine x7  
  99  9:39  SCV  
  99  9:40  SCV  
  99  9:41  Supply Depot  
  99  9:44  SCV  
  102  9:53  Marine  
  102  9:54  Marine x5  
  103  10:12  Marine x7  
  103  10:13  Orbital Command, Marine, Siege Tank  
  110  10:15  SCV x2  
  110  10:21  Medivac  
  114  10:27  SCV x2  
  116  10:30  Marine x2  
Tags
 
Add a new tag
Caveats
  • Supply blocks, unpowered buildings, or Contaminate may cause inaccurate times.
  • Supply counts are checked every 10 seconds.